 Dungeon Crawl Stone Soup version 0.25.0-1-g7eea58d2a3 (webtiles) character file.

Game seed: 15656353826047482804

90 Nixze the Firebug (level 4, -1/24 HPs)
             Began as a Gargoyle Fire Elementalist on June 13, 2020.
             Slain by an orc (4 damage)
             ... on level 3 of the Dungeon.
             The game lasted 00:05:35 (3088 turns).

Nixze the Firebug (Gargoyle Fire Elementalist)      Turns: 3088, Time: 00:05:35

Health: -1/24      AC:  7    Str: 12    XL:     4   Next: 56%
Magic:  2/7        EV: 12    Int: 12    God:
Gold:   112        SH:  5    Dex: 10    Spells: 7/8 levels left

rFire    . . .     SeeInvis .   f - +1 dagger
rCold    . . .     Gourm    .   (no shield)
rNeg     + . .     Faith    .   a - +0 robe
rPois    ∞         Spirit   .   (no helmet)
rElec    +         Reflect  +   o - scarf {+Inv}
rCorr    .         Harm     .   p - +1 pair of gloves
MR       .....                  (no boots)
Stlth    ++........             d - amulet of reflection
HPRegen  0.08/turn              s - -4 ring of intelligence
MPRegen  0.10/turn              (no ring)

@: no status effects
A: negative energy resistance 1, electricity resistance, unbreathing,
petrification resistance, rot immunity, AC +3
a: Evoke Invisibility


You were on level 3 of the Dungeon.
You were hungry.

You visited 1 branch of the dungeon, and saw 3 of its levels.

You collected 112 gold pieces.

Inventory:

Hand Weapons
 f - a +1 dagger (weapon)
Missiles
 m - 3 datura-tipped darts (quivered)
Armour
 a - a +0 robe (worn)
 o - a scarf of invisibility (worn)
 p - a +1 pair of gloves (worn)
Jewellery
 d - an amulet of reflection (around neck)
 l - an uncursed amulet of the acrobat {unknown}
 s - a -4 ring of intelligence (left hand)
Scrolls
 k - 2 scrolls of identify
Potions
 h - a potion of resistance
 i - a potion of mutation {unknown}
 j - a potion of flight {unknown}
 n - a potion of brilliance {unknown}
 q - a potion of heal wounds {unknown}
Comestibles
 c - 4 rations


   Skills:
 - Level 1.5 Dodging
 - Level 2.1 Stealth
 + Level 2.5 Spellcasting
 * Level 2.9 Conjurations
 * Level 4.0 Fire Magic


You had 7 spell levels left.
You knew the following spells:

 Your Spells              Type           Power        Failure   Level  Hunger
a - Foxfire               Conj/Fire      #...         6%          1    #......

Your spell library contained the following spells:

 Spells                   Type           Power        Failure   Level  Hunger
 Conjure Flame            Conj/Fire      #.......     19%         3    ###....
 Inner Flame              Hex/Fire       #.......     32%         3    ###....
 Sticky Flame             Conj/Fire      #.......     52%         4    #####..
 Fireball                 Conj/Fire      #.........   86%         5    ######.


Dungeon Overview and Level Annotations

Branches:
Dungeon (3/15)

Altars:


Innate Abilities, Weirdness & Mutations

You are resistant to torment.
Your stone body is resilient. (AC +3)
You are immune to poison.
You resist negative energy. (rN+)
You are resistant to electric shocks. (rElec)
You can survive without breathing.
You are immune to petrification.
You are immune to rotting.


Message History

You kill the gnoll!
You block the orc's attack.
The orc priest calls down the wrath of Beogh upon you.
Pain shoots through your body!
* * * LOW HITPOINT WARNING * * *
Found a dagger.
As you read the scroll labeled WEGIFU TATOP, it crumbles to dust.
It is a scroll of enchant weapon.
Your +0 dagger glows red for a moment.
The orc barely misses you. x2
The orc priest hits you but does no damage.
As you read the scroll labeled DODUC OPAGI, it crumbles to dust.
It is a scroll of enchant armour.
Your +0 pair of gloves glows green for a moment.
The orc hits you.
* * * LOW HITPOINT WARNING * * *
The orc hits you but does no damage. The orc priest misses you.
As you read the scroll labeled JIBILL ECID, it crumbles to dust.
You feel as if something is helping you.
It was a scroll of remove curse.
The orc hits you.
You die...

###########
..........#
..........# #####
# ..........#
##...##...
..........#
#.g.......
..........# #...#
)......oo.####..##
.......@og)g....#
..........#####.#
. ##+######## #.##
# . #..##..#..
#.....)#..
#$##..##.#
#####..####..#
.............#
#########.#.##


You could see an orc priest, 2 gnolls and 2 orcs.

Vanquished Creatures
  2 gnolls (D:3)
  2 adders (D:2)
  2 dart slugs (D:1)
  11 bats
  2 giant cockroaches
  14 goblins
  7 hobgoblins
  2 jackals (D:2)
  2 kobolds
  A ball python (D:1)
  2 frilled lizards (D:1)
  A rat (D:1)
48 creatures vanquished.

Vanquished Creatures (others)
  101 foxfires
101 creatures vanquished.

Grand Total: 149 creatures vanquished

Notes
Turn   | Place    | Note
-------+----------+-------------------------------------------
     0 | D:1      | Nixze the Gargoyle Fire Elementalist began the quest for
                  | the Orb.
     0 | D:1      | Reached XP level 1. HP: 10/10 MP: 3/3
   330 | D:1      | Reached XP level 2. HP: 15/15 MP: 0/5
  1277 | D:1      | Reached XP level 3. HP: 16/19 MP: 3/6
  2081 | D:2      | Reached XP level 4. HP: 23/24 MP: 4/7
  3083 | D:3      | Reached skill level 4 in Fire Magic
  3088 | D:3      | Slain by an orc

Illustrated notes

Levels and vault maps discovered:
D:1:      psy_arrival_conway, layout_loops_ring, st_stairs_1
D:2:      layout_basic, minmay_ruptured
D:3:      layout_basic, fiery_altar_vehumet, minmay_close_crescents,
          uniq_sigmund

Skill      XL: |  1  2  3  4 |
---------------+-------------+-----
Conjurations   | 2 |  2.9
Fire Magic     | 4 |  4.0
Dodging        | |  1.5
Stealth        | |  2.1
Spellcasting   | |  2.5

Action                   |  1- 3 |  4- 6 || total
-------------------------+-------+-------++-------
Melee: Dagger            |    25 |     6 ||    31
 Cast: Foxfire           |    43 |    22 ||    65
  Use: Scroll            |       |     6 ||     6
  Eat: Chunk             |     4 |     3 ||     7
Armor: Robe              |    19 |     5 ||    24
Dodge: Dodged            |    27 |    16 ||    43
Block: Other             |       |     6 ||     6
